 Dungeon Crawl Stone Soup version 0.31-a0-948-gf5be29c462 (webtiles) character file.

Game seed: 13516617093958529676

109 Bnni the Shooter (level 4, -4/27 HPs)
             Began as a Deep Elf Hunter on Oct 21, 2023.
             Slain by an orc priest
             ... wielding a +0 hand axe
              (7 damage)
             ... on level 3 of the Dungeon.
             The game lasted 00:01:07 (767 turns).

Bnni the Shooter (Deep Elf Hunter)                   Turns: 767, Time: 00:01:08

Health: -4/27      AC:  3    Str:  8    XL:     4   Next: 60%
Magic:  6/6        EV: 13    Int: 14    God:
Gold:   75         SH:  0    Dex: 20    Spells: 3/3 levels left

rFire   . . .        a - +0 shortbow
rCold   . . .        (shield currently unavailable)
rNeg    . . .        c - +0 leather armour
rPois   .            (no helmet)
rElec   .            (no cloak)
rCorr   .            (no gloves)
SInv    .            (no boots)
Will    .....        (no amulet)
Stlth   ++           (no ring)
HPRegen 0.24/turn    (no ring)
MPRegen 0.10/turn

%: no passive effects
@: no status effects
A: no striking features
a: no special abilities


You were on level 3 of the Dungeon.
You visited 1 branch of the dungeon, and saw 3 of its levels.

You collected 75 gold pieces.

Inventory:

Hand Weapons
 a - a +0 shortbow (weapon)
Missiles
 f - 2 poisoned darts
Armour
 c - a +0 leather armour (worn)
Scrolls
 b - a scroll of butterflies
 d - a scroll of summoning {unknown}
 g - a scroll of teleportation {unknown}
Potions
 e - a potion of mutation {unknown}
 h - a potion of attraction


   Skills:
 + Level 2.3 Fighting
 * Level 6.8 Ranged Weapons
 + Level 3.6 Dodging
 - Level 1.2 Stealth


You had 3 spell levels left.
You didn't know any spells.
Your spell library was empty.

Dungeon Overview and Level Annotations

Branches:
Dungeon (3/15)

Altars:
Gozag


Message History

You shoot an arrow. The arrow hits the orc.
You kill the orc!
An orc comes into view. It is wielding a +0 club.
You shoot an arrow. The arrow barely misses the orc.
The arrow hits the orc priest.
The orc priest is moderately wounded.
The orc hits you with a +0 hand axe!
You shoot an arrow. The arrow hits the orc!
You kill the orc!
The orc priest invokes the aid of Beogh against you.
Beogh smites you!
* * * LOW HITPOINT WARNING * * *
You are too injured to fight recklessly!
Unknown command.
Fire: a) +0 shortbow
Press: ? - help, Shift-Dir - straight line, f - orc
Aim: an orc, wielding a +0 club (66% to hit)
You shoot an arrow. The arrow hits the orc!
You kill the orc!
Unknown command.
Unknown command.
Fire: a) +0 shortbow
Press: ? - help, Shift-Dir - straight line, f - orc priest
Aim: an orc priest, wielding a +0 hand axe (moderately wounded, 66% to hit)
You shoot an arrow. The arrow barely misses the orc priest.
Unknown command.
Fire: a) +0 shortbow
Press: ? - help, Shift-Dir - straight line, f/p - orc priest
Aim: an orc priest, wielding a +0 hand axe (moderately wounded, 66% to hit)
You shoot an arrow. The arrow barely misses the orc priest.
The orc priest completely misses you.
Unknown command.
Unknown command.
Fire: a) +0 shortbow
Press: ? - help, Shift-Dir - straight line, f/p - orc priest
Aim: an orc priest, wielding a +0 hand axe (moderately wounded, 66% to hit)
You shoot an arrow. The arrow hits the orc priest.
The orc priest is severely wounded.
The orc priest hits you with a +0 hand axe!
You die...

......##..[..).###
...#########.....#
...# #####.###.#
.### #.....# #.#
.#######.###.###.#
...>.....###.....#
#..............#.#
#.#.####.#######.#
#.#.# #@# ..#.#
#o# ....# #.#
##### #....o.o. #
#####.### # #


You could see an orc priest.

Vanquished Creatures
  A scorpion (D:2)
  2 adders
  2 dart slugs
  4 orcs (D:3)
  3 endoplasms
  A giant cockroach (D:1)
  2 goblins
  A hobgoblin (D:2)
  4 jackals (D:2)
  2 bats
  2 frilled lizards
  5 rats
29 creatures vanquished.

Notes
Turn   | Place    | Note
-------+----------+-------------------------------------------
     0 | D:1      | Bnni the Deep Elf Hunter began the quest for the Orb.
     0 | D:1      | Reached XP level 1. HP: 12/12 MP: 3/3
    23 | D:1      | You fall into a shaft and drop 1 floor!
    33 | D:2      | Reached XP level 2. HP: 17/17 MP: 4/4
   167 | D:2      | Reached skill level 6 in Ranged Weapons
   279 | D:2      | Reached XP level 3. HP: 21/21 MP: 5/5
   374 | D:2      | Noticed a scorpion
   387 | D:2      | Killed a scorpion
   388 | D:2      | Reached XP level 4. HP: 8/26 MP: 6/6
   636 | D:3      | Found an opulent altar of Gozag.
   767 | D:3      | Slain by an orc priest

Illustrated notes

Levels and vault maps discovered:
D:1:      lightli_molten_gateway, layout_loops_ring, serial_rivers,
          chequers_serial_rivers_large_a, chequers_serial_rivers_room_b,
          chequers_serial_rivers_room_b, chequers_serial_rivers_large_b,
          chequers_serial_rivers_small_b, hex_medium, grunt_decor_junction
D:2:      layout_rooms
D:3:      layout_loops_ring, nicolae_gozag_cash_rules_everything_around_me

Skill      XL: |  1  2 |
---------------+-------+-----
Fighting       | 2 |  2.3
Ranged Weapons | 6 |  6.8
Dodging        | 3 |  3.6
Stealth        | |  1.2

Action                     |  1- 3 |  4- 6 || total
---------------------------+-------+-------++-------
   Fire: Shortbow          |    57 |    23 ||    80
    Use: Potion            |     2 |       ||     2
 Armour: Leather armour    |    19 |     4 ||    23
  Dodge: Dodged            |    52 |     6 ||    58

Table legend: (Time is in decaauts)
 A = Elapsed time spent in this place.
 B = Non-inter-level travel time spent in this place.
 C = Inter-level travel time spent in this place.
 D = Time resting spent in this place.
 E = Time spent auto-exploring this place.
 F = Levels seen in this place.
 G = Mean time per level.
                   A        B        C        D        E       F      G
               +--------+--------+--------+--------+--------+-----+--------+
         Total |    779 |    773 |      6 |      0 |    616 |   3 |  259.7 |
       Dungeon |    779 |    773 |      6 |      0 |    616 |   3 |  259.7 |
               +--------+--------+--------+--------+--------+-----+--------+

Top non-repeatable levels by time:
     D:2: 462 daAuts
     D:3: 290 daAuts
     D:1: 25 daAuts
